 Dungeon Crawl Stone Soup version 0.22-a0-21-g9421e3f (webtiles) character file.

35 grindst0ne the Chucker (level 3, -1/39 HPs)
             Began as an Ogre Hunter on Jan 2, 2018.
             Slain by an adder (4 damage)
             ... on level 2 of the Dungeon.
             The game lasted 00:03:07 (1357 turns).

grindst0ne the Chucker (Ogre Hunter)                Turns: 1357, Time: 00:03:09

Health: -1/39      AC:  3    Str: 21    XL:     3   Next: 33%
Magic:  3/3        EV: 10    Int: 12    God:
Gold:   46         SH:  0    Dex:  9    Spells: 2/2 levels left

rFire    . . .     SeeInvis .   a - +0 short sword
rCold    . . .     Gourm    .   (no shield)
rNeg     . . .     Faith    .   b - +0 robe
rPois    +         Spirit   .   (helmet restricted)
rElec    .         Reflect  .   (no cloak)
rCorr    .         Harm     .   (gloves unavailable)
MR       .....                  (boots unavailable)
Stlth    +.........             (no amulet)
HPRegen  0.13/turn              g - +4 ring of strength
MPRegen  0.08/turn              h - ring of poison resistance

@: no status effects
A: large, unfitting armour, tough skin 1
a: no special abilities


You were on level 2 of the Dungeon.
You were hungry.

You visited 1 branch of the dungeon, and saw 2 of its levels.

You collected 46 gold pieces.

Inventory:

Hand Weapons
 a - a +0 short sword (weapon)
 e - a +0 club
Missiles
 c - 5 large rocks (quivered)
 d - 2 throwing nets
Armour
 b - a +0 robe (worn)
Jewellery
 g - a +4 ring of strength (left hand)
 h - a ring of poison resistance (right hand)
Scrolls
 j - 3 scrolls of teleportation {unknown}
 k - a scroll of enchant weapon {unknown}
Potions
 l - a potion of lignification {unknown}
 m - a potion of haste {unknown}
Comestibles
 f - 2 rations
 i - 2 chunks of flesh


   Skills:
 + Level 3.7 Fighting
 + Level 4.6 Throwing
 - Level 1.8 Dodging
 - Level 0.6 Stealth


You had 2 spell levels left.
You didn't know any spells.

Dungeon Overview and Level Annotations

Branches:
Dungeon (2/15)

Altars:


Innate Abilities, Weirdness & Mutations

You are too large for most types of armour.
You have tough skin. (AC +1)


Message History

The adder is almost dead.
The adder bites you.
* * * LOW HITPOINT WARNING * * *
The adder bites you.
* * * LOW HITPOINT WARNING * * *
You barely miss the adder.
The adder is almost dead.
You feel sick. The adder barely misses you.
You barely miss the adder.
The adder is almost dead.
The adder barely misses you. The adder completely misses you.
You closely miss the adder.
The adder is almost dead.
The adder completely misses you.
You miss the adder.
The adder is almost dead.
You feel sick.
You are no longer poisoned.
The adder bites you but does no damage. The adder bites you.
You die...

.. #. ### #.
#.. ### #.##.#
....#$.#.#####
........... .#
#[.....## .##
##
#.S@..##..##
..
###.#...#..#
.# #..##..# .#
##.###.####.#
#.. #...#..#
##...##.#..#
###.##.#<.#
#.......#
###.....#


You could see an adder.

Vanquished Creatures
  A worm (D:2)
  A dart slug (D:1)
  2 leopard geckos (D:1)
  2 bats (D:1)
  2 giant cockroaches (D:1)
  2 goblins (D:1)
  6 hobgoblins (D:1)
  3 kobolds (D:1)
  3 frilled lizards (D:1)
  4 rats (D:1)
26 creatures vanquished.

Notes
Turn   | Place    | Note
-------+----------+-------------------------------------------
     0 | D:1      | grindst0ne the Ogre Hunter began the quest for the Orb.
     0 | D:1      | Reached XP level 1. HP: 22/22 MP: 1/1
    50 | D:1      | Reached XP level 2. HP: 13/29 MP: 2/2
   979 | D:1      | Reached XP level 3. HP: 27/37 MP: 3/3
  1357 | D:2      | Slain by an adder

Vault maps used:
D:1:      lemuel_arrival_hallway
D:2:      marbit_many_paths, old_standard_altar, first_ration,
          wad_floor_pattern_untrapped

Skill      XL: |  1  2 |
---------------+-------+-----
Fighting       | 3 |  3.7
Throwing       | |  4.6
Dodging        | |  1.8
Stealth        | |  0.6

Action                   || total
-------------------------++-------
Melee: Short sword       ||   101
       Club              ||    14
  Eat: Chunk             ||     1
Armor: Robe              ||    27
Dodge: Dodged            ||    58

Table legend:
 A = Spawn XP
 B = Non-spawn XP
 C = Spawn XP percentage of total XP
 D = Spawn monster count
 E = Non-spawn monster count
 F = Spawn count percentage of total count
 G = Total turns spent on level
                    A         B        C        D         E        F      G
               +---------+---------+-------+---------+---------+-------+---------
         Total |       0 |      50 |   0.0 |       0 |      26 |   0.0 |  1357
               +---------+---------+-------+---------+---------+-------+---------
           D:1 |       0 |      45 |   0.0 |       0 |      25 |   0.0 |  1321
           D:2 |       0 |       5 |   0.0 |       0 |       1 |   0.0 |    36
               +---------+---------+-------+---------+---------+-------+---------
